 Dungeon Crawl Stone Soup version 0.22.1-2-g9c5b331 (webtiles) character file.

193 lysyklops the Sneak (level 5, -6/24 HPs)
             Began as a Spriggan Enchanter on Dec 25, 2018.
             Was an Initiate of Dithmenos.
             Killed from afar by an orc wizard (7 damage)
             ... with a magic dart
             ... on level 4 of the Dungeon.
             The game lasted 00:10:10 (4486 turns).

lysyklops the Sneak (Spriggan Enchanter)            Turns: 4486, Time: 00:10:10

Health: -6/24      AC:  2    Str:  4    XL:     5   Next: 44%
Magic:  11/11      EV: 19    Int: 17    God:    Dithmenos [......]
Gold:   148        SH:  0    Dex: 17    Spells: 8/11 levels left

rFire    . . .     SeeInvis +   a - +1 dagger
rCold    . . .     Gourm    .   (shield restricted)
rNeg     . . .     Faith    .   b - +0 robe
rPois    .         Spirit   .   (helmet restricted)
rElec    .         Reflect  .   (no cloak)
rCorr    .         Harm     .   (gloves unavailable)
MR       .....                  (boots unavailable)
Stlth    +++.......             (no amulet)
HPRegen  0.08/turn              (no ring)
MPRegen  0.12/turn              (no ring)

@: drained, very quick
A: very small, unfitting armour, see invisible, herbivore, speed 3, slow
metabolism 2
a: Renounce Religion


You were on level 4 of the Dungeon.
You worshipped Dithmenos.
Dithmenos was noncommittal.
You were hungry.

You visited 1 branch of the dungeon, and saw 5 of its levels.

You collected 148 gold pieces.

Inventory:

Hand Weapons
 a - a +1 dagger (weapon)
Armour
 b - a +0 robe (worn)
Wands
 q - a wand of polymorph (14)
Scrolls
 c - 2 scrolls of remove curse {unknown}
 e - 8 scrolls of identify {unknown}
 i - a scroll of random uselessness {unknown}
 j - a scroll of enchant armour {unknown}
 p - 2 scrolls of teleportation {unknown}
 s - a scroll of blinking {unknown}
 t - a scroll of enchant weapon {unknown}
Potions
 f - 3 potions of haste {unknown}
 g - a potion of degeneration {unknown}
 h - 2 potions of resistance {unknown}
 k - a potion of heal wounds {unknown}
 l - 3 potions of curing {unknown}
 m - a potion of magic {unknown}
 n - a potion of lignification {unknown}
 o - a potion of cancellation {unknown}
 r - a potion of brilliance {unknown}
Comestibles
 d - 6 rations


   Skills:
 + Level 2.6(2.2) Short Blades
 + Level 4.5(4.0) Dodging
 + Level 5.8(5.3) Stealth
 + Level 3.9(3.4) Spellcasting
 + Level 4.6(4.2) Hexes


You had 8 spell levels left.
You knew the following spells:

 Your Spells              Type           Power        Failure   Level  Hunger
a - Corona                Hex            ###....      3%          1    None
b - Ensorcelled Hibernat  Hex/Ice        ##....       11%         2    ##.....

Your spell library contained the following spells:

 Spells                   Type           Power        Failure   Level  Hunger
 Confuse                  Hex            ###.....     9%          3    ###....
 Tukima's Dance           Hex            ###.....     9%          3    ###....
 Dazzling Spray           Conj/Hex       ##....       22%         3    ###....


Dungeon Overview and Level Annotations

Branches:
Dungeon (5/15)
 Temple: D:4-7

Altars:
Dithmenos
Yredelemnul


Innate Abilities, Weirdness & Mutations

You are very small and have problems with some larger weapons.
You are too small for most types of armour.
You have supernaturally acute eyesight. (SInv)
You are a herbivore.
You cover ground extremely quickly.
You need to consume almost no food.


Message History

There is a stone staircase leading down here.
An orc priest comes into view. It is wielding a dagger.
An orc priest comes into view. It is wielding a club.
An orc comes into view. 2 orc wizards come into view.
The helpless orc fails to defend itself.
You impale the orc!!
You kill the orc!
Dithmenos accepts your kill.
The orc priest shouts!
The orc wizard shouts! x2
You hit the orc wizard.
The orc wizard is moderately wounded.
The orc priest calls down the wrath of Beogh upon you.
Beogh smites you!
Ouch! That really hurt!
* * * LOW HITPOINT WARNING * * *
The orc wizard barely misses you.
The orc wizard points at you and mumbles some strange words.
The magic dart hits you!
You die...

##########..
#..@.[........ ..#
#.##.#####...) ..#
#.##o# ..... #.#
#.##o# # #... #.#
#.##o# #.#...##.##
#.##o##.........#...
#.##..#.# #....#.#.
#.###.#.# #......#
#.# #.#.##.######.##


You could see 2 orc priests and 2 orc wizards.

Vanquished Creatures
  A hound (D:4)
  An orc wizard (D:4)
  A hound skeleton (D:4)
  A gnoll (D:4)
  4 adders
  2 oozes
  A worm (D:2)
  A dart slug (D:2)
  2 leopard geckos
  3 orcs
  9 bats
  3 giant cockroaches
  5 goblins
  5 hobgoblins
  5 jackals (D:1)
  3 kobolds
  3 quokkas
  5 frilled lizards
  7 rats
62 creatures vanquished.

Notes
Turn   | Place    | Note
-------+----------+-------------------------------------------
     0 | D:1      | lysyklops the Spriggan Enchanter began the quest for the
                  | Orb.
     0 | D:1      | Reached XP level 1. HP: 9/9 MP: 5/5
   534 | D:1      | Reached XP level 2. HP: 12/13 MP: 4/6
   538 | D:1      | Learned a level 2 spell: Ensorcelled Hibernation
  1585 | D:1      | Reached XP level 3. HP: 16/16 MP: 3/8
  1818 | D:2      | Reached skill level 5 in Stealth
  2360 | D:2      | Reached XP level 4. HP: 21/21 MP: 10/10
  2812 | D:3      | Found a basalt altar of Yredelemnul.
  3591 | D:3      | Found a shadowy altar of Dithmenos.
  3604 | D:3      | Became a worshipper of Dithmenos the Shadowed
  3875 | D:4      | Reached XP level 5. HP: 20/24 MP: 1/11
  4386 | D:5      | Entered Level 5 of the Dungeon
  4485 | D:4      | HP: 1/24 [orc priest/divine providence (15)]
  4486 | D:4      | Killed from afar by an orc wizard

Skill      XL: |  1  2  3  4 |
---------------+-------------+-----
Spellcasting   | 3 |  3.9
Hexes          | 4 |  4.6
Stealth        | 5 |  5.8
Short Blades   | 2 |  2.6
Dodging        | 4 |  4.5

Action                   |  1- 3 |  4- 6 || total
-------------------------+-------+-------++-------
Melee: Dagger            |   131 |    74 ||   205
 Cast: Corona            |     5 |       ||     5
       Ensorcelled Hiber |    32 |    30 ||    62
 Stab: Sleeping          |    21 |    20 ||    41
  Eat: Ration            |       |     2 ||     2
Armor: Robe              |    16 |       ||    16
Dodge: Dodged            |   123 |    59 ||   182
